Map: Orbital Shipyard

Players

capac

  • Race: Terran Terran
  • League: Gold

ToneMaN - Winner!

  • Race: Terran Terran
  • League: Platinum

VOD

Have the link to the VOD?

Description

Time

  • Played on: March 4, 2016, 3:53 p.m.
  • Length: 30:24
Show
View Real Time Build Order
Export as new Build Order

capac Terran 

Build Orders:  

Get SALT Encoding   

  12  0:01  SCV  
  13  0:13  SCV  
  14  0:18  Supply Depot  
  14  0:25  SCV  
  15  0:39  SCV  
  15  0:41  Barracks  
  16  0:51  SCV  
  16  0:54  Refinery  
  17  1:17  SCV  
  18  1:29  SCV  
  19  1:40  Barracks Reactor  
  19  1:42  Command Center  
  19  1:44  SCV  
  20  1:54  Supply Depot  
  20  1:56  SCV  
  22  2:09  Orbital Command  
  21  2:18  Marine x2  
  23  2:24  Factory  
  23  2:35  Marine  
  23  2:36  Marine, SCV  
  26  2:42  Refinery  
  26  2:48  SCV  
  27  2:54  Barracks  
  27  2:56  Orbital Command  
  27  3:01  Marine x2  
  29  3:14  Engineering Bay  
  29  3:19  Marine x2, SCV  
  31  3:23  Factory Tech Lab  
  32  3:41  Starport  
  32  3:49  Terran Infantry Weapons Level 1  
  32  3:51  Barracks Tech Lab  
  32  3:54  Barracks  
  32  3:55  SCV  
  32  3:56  SCV  
  34  4:04  Siege Tank  
  37  4:15  Refinery, SCV x2  
  39  4:20  Medivac  
  39  4:24  Supply Depot  
  41  4:27  Marine x2  
  44  4:32  SCV x2  
  46  4:42  Marine  
  48  4:45  SCV x2  
  48  4:52  Supply Depot  
  48  4:53  Starport Reactor  
  48  4:57  SCV x2  
  50  5:10  Barracks Reactor, SCV x2, Command Center  
  50  5:12  Marine, Stimpack  
  50  5:13  Marine  
  54  5:22  SCV x2  
  54  5:23  Missile Turret  
  56  5:29  Supply Depot  
  56  5:31  Medivac  
  56  5:32  Medivac  
  56  5:33  Marine x2  
  62  5:46  Supply Depot  
  62  5:47  Refinery  
  62  5:50  SCV  
  62  5:56  Supply Depot  
  63  5:59  Siege Tank  
  63  6:02  Marine x4  
  70  6:07  Marine  
  70  6:08  SCV x2  
  73  6:22  Terran Infantry Armor Level 1  
  73  6:27  Marine x5  
  78  6:51  Marine x2  
  78  6:52  Orbital Command, SCV x2  
  74  7:16  Missile Turret  
  74  7:17  Missile Turret  
  74  7:18  Missile Turret  
  71  7:28  Liberator  
  54  7:35  Marine x4  
  53  7:42  Marine  
  57  7:46  Hellion  
  59  7:53  Marine  
  59  7:54  Marine x2  
  62  8:06  Marine  
  62  8:07  Marine  
  62  8:10  Marine  
  62  8:12  Marine x2  
  66  8:15  Barracks  
  66  8:17  Barracks  
  67  8:22  Factory Tech Lab, Liberator x2  
  67  8:24  Supply Depot, Marine x2, Armory  
  69  8:28  Barracks, Marine  
  69  8:30  Marine  
  71  8:36  Marine  
  78  8:42  Marine x2  
  78  8:45  Supply Depot  
  78  8:46  Marine  
  78  8:47  Factory  
  78  8:48  Marine  
  82  8:49  Siege Tank  
  82  8:51  SCV x3  
  88  9:02  Marine x2  
  87  9:09  Missile Turret  
  85  9:13  Missile Turret  
  85  9:44  Missile Turret  
  85  9:45  Marine x2  
  74  10:00  Viking x2  
  74  10:02  Thor  
  74  10:03  Thor  
  84  10:15  Missile Turret  
  71  10:30  Marine x5  
  71  10:32  Marine  
  71  10:33  Marine x2  
  79  10:48  Marine x5  
  84  10:50  Marine  
  80  11:17  Marine x6  
  80  11:18  Marine, SCV  
  87  11:19  SCV x2  
  87  11:30  SCV  
  87  11:31  SCV x2  
  88  11:35  Marine x3  
  88  11:36  Marine x5  
  96  11:43  Siege Tank  
  96  11:45  SCV x2  
  101  11:54  Barracks Reactor  
  101  12:05  Supply Depot x2  
  101  12:06  Supply Depot, Marine, SCV  
  101  12:07  Marine x4  
  101  12:08  Siege Tank, SCV  
  107  12:13  Medivac x2  
  110  12:15  Siege Tank  
  113  12:26  Missile Turret  
  113  12:40  Starport  
  113  12:42  Starport  
  113  12:45  Supply Depot, Marine x4  
  113  12:46  Medivac x2  
  121  12:54  Missile Turret  
  121  13:01  Barracks Reactor x2  
  121  13:05  SCV x2  
  123  13:08  Refinery  
  123  13:09  Refinery  
  123  13:12  Missile Turret  
  123  13:15  Supply Depot  
  123  13:17  Starport Reactor  
  123  13:19  Starport Reactor  
  123  13:23  Combat Shields  
  123  13:38  Liberator x3  
  123  13:39  Marine x2, Liberator  
  123  13:44  Liberator x2  
  123  13:47  Marine x3  
  123  13:48  Marine x6  
  138  13:57  Marine x2  
  152  14:05  Marine x2  
  154  14:41  Medivac  
  156  14:48  Medivac x3  
  156  14:50  Supply Depot  
  162  14:53  Marine x4  
  162  14:54  Marine x5  
  171  15:27  Liberator  
  171  15:28  Liberator x2  
  161  15:43  Medivac x2  
  161  15:44  Medivac  
  176  15:50  Fusion Core, Terran Ship Weapons Level 1  
  176  15:51  Terran Infantry Weapons Level 2  
  176  15:56  Supply Depot  
  176  16:00  Command Center  
  176  16:32  Liberator x3  
  153  16:33  Liberator  
  153  16:53  Marine x5  
  153  16:54  Marine x4  
  171  16:55  Marine x2  
  176  17:11  Marine  
  177  17:25  Advanced Ballistics  
  177  17:31  Armory  
  162  18:04  Liberator x5  
  153  18:24  Terran Ship Weapons Level 2  
  168  18:28  Terran Vehicle And Ship Armor Level 1  
  164  19:23  Liberator  
  164  19:24  Liberator x4  
  164  19:27  Planetary Fortress  
  176  20:06  Liberator  
  176  21:56  Orbital Command  
  176  22:16  Orbital Command  
  176  22:28  Marine x4  
  176  22:29  Marine x5  
  185  22:38  Terran Vehicle And Ship Armor Level 2  
  185  22:41  Terran Ship Weapons Level 3  
  185  22:42  Terran Infantry Weapons Level 3  
  167  24:09  Marine x4  
  146  25:18  Marine x2  
  146  25:19  Marine x7  
  155  25:45  Liberator  
  155  25:47  Liberator x3  
  167  27:20  Command Center  
  167  27:22  Command Center  
  102  28:07  Marine x6  
  102  28:08  Marine x5  
  102  28:10  Medivac  
  102  28:11  Medivac x5  
  115  28:25  Marine x7  
  115  28:26  Marine x2  
  121  28:31  Marine x2  
  117  28:40  Medivac  
  117  28:41  Medivac x2  
  121  28:42  Marine  
  121  28:43  Marine x3  
  125  29:01  Marine x6  
  125  29:02  Marine x4  
  135  29:03  Medivac  
  137  29:10  Refinery  
  137  29:11  Refinery  
  137  29:24  Marine x2  
  137  29:25  Marine x2  
Show
View Real Time Build Order
Export as new Build Order

ToneMaN Terran - Winner!

Build Orders:  

Get SALT Encoding   

  12  0:01  SCV  
  13  0:15  SCV  
  14  0:22  Supply Depot  
  14  0:32  SCV  
  15  0:47  Refinery  
  15  0:48  Barracks  
  15  1:05  Supply Depot  
  15  1:08  SCV  
  15  1:34  SCV  
  16  1:43  Barracks Reactor  
  16  1:51  SCV  
  16  1:53  Command Center  
  17  2:07  Refinery  
  17  2:10  Orbital Command  
  17  2:26  Factory  
  17  2:29  Marine  
  17  2:35  Marine  
  19  2:51  Marine  
  20  2:57  Marine  
  21  3:00  SCV  
  22  3:08  Orbital Command  
  22  3:11  Factory Tech Lab  
  22  3:14  Starport  
  23  3:27  SCV  
  23  3:41  Siege Tank  
  23  3:46  SCV x2  
  28  3:58  Refinery  
  28  4:06  Starport Tech Lab  
  28  4:10  Starport  
  28  4:12  SCV x2  
  30  4:20  Marine  
  30  4:21  Marine  
  32  4:24  Supply Depot  
  32  4:27  SCV x2  
  34  4:31  Banshee  
  34  4:38  Marine  
  37  4:40  Cloaking Field  
  38  4:52  Viking  
  40  5:09  Engineering Bay  
  40  5:14  Banshee, SCV x2  
  40  5:18  Supply Depot  
  45  5:23  Siege Tank  
  45  5:25  Marine  
  49  5:37  Viking  
  49  5:41  SCV x2  
  53  5:47  Missile Turret  
  53  5:50  Missile Turret  
  53  5:54  Liberator  
  53  6:05  Barracks  
  53  6:07  Barracks  
  56  6:15  Refinery  
  56  6:18  Marine x2  
  58  6:36  Marine x2  
  58  6:37  SCV x2  
  62  6:43  Supply Depot  
  61  6:47  Liberator x2  
  64  7:21  Siege Tank  
  67  7:24  Barracks Tech Lab, Barracks Reactor  
  67  7:27  Terran Infantry Weapons Level 1  
  55  7:47  Viking  
  57  7:53  Siege Tank  
  52  8:08  Marine x4  
  52  8:09  Marauder  
  58  8:17  Barracks  
  58  8:25  Marine  
  58  8:26  Marine x3  
  62  8:30  Marauder  
  62  8:31  Command Center  
  64  8:43  Starport Reactor, Marine  
  64  8:45  Banshee  
  64  8:47  Factory  
  68  9:12  Marine x2  
  70  9:17  Stimpack  
  70  9:22  Barracks Tech Lab, Marine  
  70  9:23  Supply Depot, Marauder  
  73  9:25  Supply Depot  
  73  9:44  Marauder  
  73  9:45  Viking x2  
  79  9:59  Banshee  
  78  10:06  Marauder  
  77  10:20  Siege Tank  
  71  10:30  Orbital Command  
  71  10:34  Marine x3  
  76  10:35  Marauder  
  76  10:42  Banshee  
  76  10:52  Siege Tank  
  76  10:55  Viking x2  
  58  11:34  SCV x2  
  58  11:35  SCV  
  58  11:40  Liberator  
  58  11:44  Barracks Reactor  
  58  11:46  SCV  
  59  11:54  Marine x4  
  59  11:55  Marine  
  59  11:56  Viking  
  59  11:57  Viking  
  71  12:08  Starport  
  71  12:13  Marauder  
  73  12:27  Marine x5  
  73  12:28  Marine  
  79  12:33  Barracks, Terran Infantry Armor Level 1  
  79  12:34  Marauder  
  79  12:35  Barracks  
  81  12:39  Engineering Bay  
  81  12:41  Siege Tank x2  
  87  12:44  Viking x2, Marine  
  92  12:56  Marauder  
  94  13:00  SCV  
  94  13:01  SCV x2  
  97  13:07  Refinery x2  
  97  13:12  Armory  
  97  13:13  Siege Tank x2, SCV x3  
  97  13:17  Marauder  
  108  13:27  Barracks Tech Lab, Barracks Reactor  
  108  14:04  Factory  
  108  14:31  Supply Depot  
  108  14:33  Supply Depot x2  
  108  14:34  Supply Depot  
  108  14:47  Factory  
  108  14:48  Starport  
  108  14:49  SCV  
  109  14:52  Viking x3  
  109  14:53  SCV x2  
  109  14:54  Siege Tank x2  
  109  14:57  Terran Vehicle Weapons Level 1  
  109  14:59  Terran Infantry Weapons Level 2  
  123  15:00  Terran Infantry Armor Level 2  
  123  15:10  Command Center  
  123  15:16  Factory Tech Lab  
  123  15:22  Viking  
  123  15:26  Siege Tank  
  128  15:30  Starport Reactor  
  126  15:38  Viking x2  
  128  15:48  Factory Tech Lab  
  128  15:53  Marine x7  
  128  15:54  Marine x3  
  138  16:04  Viking  
  138  16:10  Marine  
  141  16:22  Viking, Supply Depot x2, Marine x6  
  149  16:26  Supply Depot  
  149  16:28  Orbital Command  
  149  16:34  Marine x4  
  149  16:39  Marine x4  
  155  16:54  Thor  
  161  17:07  Marine x7  
  161  17:08  Marine x3  
  171  17:16  Refinery  
  171  17:22  Thor  
  177  17:24  Marine  
  177  17:25  Marine x4  
  181  17:50  Refinery  
  167  18:03  Thor  
  166  18:26  Viking  
  166  18:27  Viking x3  
  174  18:38  SCV x2  
  174  18:39  SCV x2  
  178  18:48  Ghost Academy  
  178  18:52  Terran Vehicle Weapons Level 2  
  168  19:01  Viking x2  
  172  19:23  Refinery  
  170  19:25  Orbital Command  
  170  19:29  Refinery  
  162  19:52  Viking x2  
  163  19:53  Viking x3  
  167  20:22  Viking x2  
  154  20:58  Marine x2  
  154  20:59  Marine x4  
  154  21:00  Marauder x2, Marine x2  
  163  21:16  Marine x3  
  163  21:17  Marine x3  
  163  21:18  Marine x2  
  170  21:21  Marauder x2  
  175  21:34  Marine x4  
  170  22:06  Thor x4  
  179  22:15  Viking x3  
  177  22:21  SCV x3  
  182  22:27  Missile Turret  
  182  22:28  Missile Turret  
  182  22:30  Missile Turret  
  182  22:32  Missile Turret  
  182  22:33  Missile Turret  
  182  22:36  Missile Turret  
  182  23:06  Thor  
  188  23:39  Thor  
  188  23:43  Thor  
  188  23:45  Thor  
  182  23:48  Thor  
  188  24:25  Viking  
  187  24:38  Viking x2  
  187  24:40  Viking  
  187  24:42  Viking  
  185  24:46  Thor  
  185  24:49  Marine  
  185  24:50  Marine x3  
  187  25:02  Supply Depot  
  187  25:05  Supply Depot x2  
  187  25:23  Viking x4  
  187  25:26  Viking, Marauder  
  187  25:27  Supply Depot  
  199  25:30  Missile Turret  
  199  26:16  Personal Cloaking  
  199  26:23  Ghost Academy  
  199  26:30  Marauder  
  197  26:39  Command Center  
  197  26:51  Marauder  
  197  27:31  Thor  
  140  27:54  Marine x6  
  140  27:55  Marauder, Marine x2  
  140  27:56  Marauder  
  121  27:59  Thor x3  
  116  28:12  Marine x6  
  110  28:13  Marine  
  110  28:14  Marine  
  110  28:17  Marauder x2, Thor  
  119  28:30  Marine  
  119  28:31  Viking x3  
  126  28:38  Marauder x2, Orbital Command  
  130  28:42  Thor x3  
  148  28:56  Marine x2  
  148  29:00  Marauder  
  152  29:06  Liberator x3  
  152  29:22  Viking x2  
  165  29:30  Refinery x2  
  164  29:38  Marine x5  
  161  29:39  Marauder x2, Marine x2  
  161  29:40  Marine  
  171  29:52  Viking  
  168  30:01  Marauder x2  
Tags
 
Add a new tag
Caveats
  • Supply blocks, unpowered buildings, or Contaminate may cause inaccurate times.
  • Supply counts are checked every 10 seconds.